 Dungeon Crawl Stone Soup version 0.21.1-1-g345015fe64 (webtiles) character file.

315 KleinerIrrer the Covert (level 6, -7/47 HPs)
             Began as a Gnoll Wanderer on Mar 17, 2018.
             Mangled by an orc
             ... wielding a +0 dagger of electrocution
              (18 damage)
             ... on level 3 of the Dungeon.
             The game lasted 00:04:52 (2190 turns).

KleinerIrrer the Covert (Gnoll Wanderer)            Turns: 2190, Time: 00:04:53

Health: -7/47      AC:  5    Str: 14    XL:     6   Next: 43%
Magic:  8/8        EV: 14    Int: 14    God:
Gold:   137        SH:  0    Dex: 17    Spells: 8/8 levels left

rFire    . . .     SeeInvis .   m - +0 short sword (speed)
rCold    . . .     Gourm    .   (no shield)
rNeg     . . .     Faith    .   d - +0 robe
rPois    .         Spirit   .   l - +1 helmet
rElec    .         Reflect  .   t - +0 cloak (curse)
rCorr    .         Harm     .   (no gloves)
MR       .....                  (no boots)
Stlth    ++++......             (no amulet)
HPRegen  0.15/turn              (no ring)
MPRegen  0.11/turn              (no ring)

@: no status effects
A: distributed training, fangs 1, strong nose
a: no special abilities


You were on level 3 of the Dungeon.
You were not hungry.

You visited 1 branch of the dungeon, and saw 3 of its levels.

You collected 137 gold pieces.

Inventory:

Hand Weapons
 a - a +2 falchion
 m - a +0 short sword of speed (weapon)
 s - a +2 quarterstaff of chaos
Missiles
 u - 12 poisoned needles
Armour
 d - a +0 robe (worn)
 l - a +1 helmet (worn)
 t - a cursed +0 cloak (worn)
Jewellery
 k - an uncursed ring of resist corrosion {unknown}
Wands
 j - a wand of digging (16)
Scrolls
 g - 2 scrolls of teleportation
 r - a scroll of identify
Potions
 b - 3 potions of lignification
 c - 2 potions of curing
 e - a potion of haste {unknown}
 i - a potion of mutation
 n - a potion of might
 o - 2 potions of heal wounds {unknown}
 p - a potion of flight
 q - a potion of agility {unknown}
Comestibles
 f - 6 rations
 h - 2 chunks of flesh


   Skills:
 + Level 3.2 Fighting
 + Level 1.9 Short Blades
 + Level 6.8 Long Blades
 + Level 1.9 Axes
 + Level 1.9 Maces & Flails
 + Level 1.9 Polearms
 + Level 1.9 Staves
 + Level 1.9 Slings
 + Level 1.9 Bows
 + Level 1.9 Crossbows
 + Level 1.9 Throwing
 + Level 1.9 Armour
 + Level 3.2 Dodging
 + Level 8.0 Stealth
 + Level 1.9 Shields
 + Level 1.9 Unarmed Combat
 + Level 1.9 Spellcasting
 + Level 1.5 Conjurations
 + Level 1.5 Hexes
 + Level 1.5 Charms
 + Level 1.5 Summonings
 + Level 1.5 Necromancy
 + Level 1.5 Translocations
 + Level 1.5 Transmutations
 + Level 1.5 Fire Magic
 + Level 1.5 Ice Magic
 + Level 1.5 Air Magic
 + Level 1.5 Earth Magic
 + Level 1.5 Poison Magic
 + Level 2.1 Invocations
 + Level 3.2 Evocations


You had 8 spell levels left.
You didn't know any spells.

Dungeon Overview and Level Annotations

Branches:
Dungeon (3/15)

Altars:


Innate Abilities, Weirdness & Mutations

Your experience applies equally to all skills.
You have very sharp teeth.
Your uncanny sense of smell can sniff out nearby items.


Message History

You hit the orc.
The orc is severely wounded.
You hit the orc.
You kill the orc!
The orc hits you but does no damage.
Items here: )) [ †† a whip; a dagger; a robe; an orc corpse x2
You closely miss the orc. The orc hits you with a mace.
You hit the orc.
The orc is almost dead.
You hit the orc.
You kill the orc!
The orc hits you with a dagger of electrocution.
You see here a mace.
You hit the orc but do no damage.
The orc hits you with a dagger of electrocution.
* * * LOW HITPOINT WARNING * * *
You hit the orc but do no damage. The orc hits you but does no damage.
You are electrocuted!
You die...

....##†.##...........#
......†...)......###.#
####....)#.##..### #.#
#...........# #.#
#.....#####.# #.#
##...## #.# ### ##.##
#.# #)# #.# #@#
.......o.......∆
###############


You could see an orc.

Vanquished Creatures
  A bullfrog (D:3)
  An orc priest (D:3)
  Crazy Yiuf (D:3)
  Natasha (twice) (D:3)
  An orc wizard (D:3)
  4 adders
  A worm (D:3)
  3 leopard geckos
  8 orcs (D:3)
  6 bats
  8 goblins
  7 hobgoblins
  5 jackals
  3 quokkas
  A ball python (D:1)
  3 frilled lizards
  7 kobolds
  7 rats
69 creatures vanquished.

Vanquished Creatures (others)
  9 plants (D:3)
9 creatures vanquished.

Grand Total: 78 creatures vanquished

Notes
Turn   | Place    | Note
-------+----------+-------------------------------------------
     0 | D:1      | KleinerIrrer the Gnoll Wanderer began the quest for the Orb.
     0 | D:1      | KleinerIrrer set off with: a +2 falchion, a potion of lignification, a potion of curing, a +0 robe, a +0 dagger, a ration
     0 | D:1      | Reached XP level 1. HP: 17/17 MP: 2/2
   270 | D:1      | Reached XP level 2. HP: 23/23 MP: 3/3
   691 | D:2      | Reached XP level 3. HP: 21/28 MP: 4/4
   878 | D:2      | Reached skill level 1 in Invocations
   986 | D:2      | Reached skill level 1 in Short Blades
   986 | D:2      | Reached skill level 1 in Axes
   986 | D:2      | Reached skill level 1 in Maces & Flails
   986 | D:2      | Reached skill level 1 in Polearms
   986 | D:2      | Reached skill level 1 in Staves
   986 | D:2      | Reached skill level 1 in Slings
   986 | D:2      | Reached skill level 1 in Bows
   986 | D:2      | Reached skill level 1 in Crossbows
   986 | D:2      | Reached skill level 1 in Throwing
   986 | D:2      | Reached skill level 1 in Armour
   986 | D:2      | Reached skill level 1 in Shields
   986 | D:2      | Reached skill level 1 in Unarmed Combat
   986 | D:2      | Reached skill level 1 in Spellcasting
  1052 | D:2      | Reached XP level 4. HP: 34/34 MP: 6/6
  1404 | D:3      | Reached skill level 1 in Conjurations
  1404 | D:3      | Reached skill level 1 in Hexes
  1404 | D:3      | Reached skill level 1 in Charms
  1404 | D:3      | Reached skill level 1 in Summonings
  1404 | D:3      | Reached skill level 1 in Necromancy
  1404 | D:3      | Reached skill level 1 in Translocations
  1404 | D:3      | Reached skill level 1 in Transmutations
  1404 | D:3      | Reached skill level 1 in Fire Magic
  1404 | D:3      | Reached skill level 1 in Ice Magic
  1404 | D:3      | Reached skill level 1 in Air Magic
  1404 | D:3      | Reached skill level 1 in Earth Magic
  1404 | D:3      | Reached skill level 1 in Poison Magic
  1417 | D:3      | Noticed a bullfrog
  1427 | D:3      | Killed a bullfrog
  1427 | D:3      | Reached XP level 5. HP: 32/41 MP: 7/7
  1500 | D:3      | Noticed Natasha
  1512 | D:3      | Killed Natasha
  1630 | D:3      | Noticed Natasha
  1650 | D:3      | Killed Natasha
  1650 | D:3      | Reached skill level 8 in Stealth
  1650 | D:3      | Reached XP level 6. HP: 31/47 MP: 8/8
  2006 | D:3      | Found a runed door.
  2010 | D:3      | Noticed Crazy Yiuf
  2014 | D:3      | Killed Crazy Yiuf
  2190 | D:3      | Mangled by an orc

Skill      XL: |  1  2  3  4  5  6 |
---------------+-------------------+-----
Invocations    | 1 2 |  2.1
Short Blades   | 1 |  1.9
Axes           | 1 |  1.9
Maces & Flails | 1 |  1.9
Polearms       | 1 |  1.9
Staves         | 1 |  1.9
Slings         | 1 |  1.9
Bows           | 1 |  1.9
Crossbows      | 1 |  1.9
Throwing       | 1 |  1.9
Armour         | 1 |  1.9
Shields        | 1 |  1.9
Unarmed Combat | 1 |  1.9
Spellcasting   | 1 |  1.9
Conjurations   | 1 |  1.5
Hexes          | 1 |  1.5
Charms         | 1 |  1.5
Summonings     | 1 |  1.5
Necromancy     | 1 |  1.5
Translocations | 1 |  1.5
Transmutations | 1 |  1.5
Fire Magic     | 1 |  1.5
Ice Magic      | 1 |  1.5
Air Magic      | 1 |  1.5
Earth Magic    | 1 |  1.5
Poison Magic   | 1 |  1.5
Fighting       | 3 |  3.2
Dodging        | 3 |  3.2
Evocations     | 3 |  3.2
Stealth        | 8 |  8.0
Long Blades    | |  6.8

Action                   |  1- 3 |  4- 6 || total
-------------------------+-------+-------++-------
Melee: Short sword       |    72 |   146 ||   218
       Falchion          |     4 |       ||     4
       Bite              |     5 |    13 ||    18
  Use: Scroll            |     2 |     5 ||     7
 Stab: Sleeping          |    13 |     6 ||    19
       Distracted        |       |     2 ||     2
  Eat: Chunk             |       |     4 ||     4
Armor: Robe              |    23 |    28 ||    51
Dodge: Dodged            |    52 |    49 ||   101
